AoeStats
← pascapas

Arena

508341825Analyzed
4v4 RM · 11d ago on Sep 22, 2026· 37m 40s· 8 players
Game mode
Random Map
Map size
Large (8 player)
Population
200
Speed
Normal
Resources
Standard
Victory
Conquest
Starting age
Dark Age
Ending age
Imperial Age
RankedLock teamsTeams togetherTeam positionsShared explorationLock speedFull tech treeHidden civsTurbo modeCheats
Victory
Defeat
966
+11
🇧🇷 Turks · Brazil
935
+13
🇧🇷 Britons · Brazil
927
+13
🇧🇷 Hindustanis · Brazil
927
+13
🇨🇱 Huns · Chile
897
-14
🇦🇺 Burmese · Australia
871
-13
🇺🇸 Persians · United States
860
-12
🇨🇭 Poles · Switzerland
810
-11
kz
13:30 Feudal Age
13:58 Double-Bit Axe
19:28 Castle Age
18:13 Arson
19:01 Stone Mining
19:03 Gold Mining
18:56 Horse Collar
Call of Silence
10:22 Feudal Age
15:25 Castle Age
13:40 Stone Mining
14:26 Horse Collar
15:06 Loom
20:02 Gold Mining
25:03 Padded Archer Armor
31:01 Bloodlines
35:59 Imperial Age
33:44 Light Cavalry
35:21 Husbandry
35:37 Forging
35:36 Scale Barding Armor
35:42 Forging
FeliGar18
11:05 Feudal Age
11:50 Double-Bit Axe
12:02 Gold Mining
11:54 Horse Collar
17:59 Castle Age
18:02 Stone Mining
21:02 Scale Barding Armor
25:33 Marauders
26:16 Forging
26:14 Heavy Plow
27:35 Bow Saw
28:11 Wheelbarrow
29:33 Iron Casting
29:54 Husbandry
34:38 Imperial Age
31:56 Town Watch
34:03 Gold Shaft Mining
34:40 Chain Barding Armor
35:59 Elite Tarkan
pascapas
11:47 Feudal Age
12:44 Double-Bit Axe
17:50 Castle Age
17:05 Forging
16:46 Fletching
18:21 Horse Collar
18:56 Bloodlines
18:10 Light Cavalry
20:19 Heavy Plow
20:37 Bow Saw
29:16 Imperial Age
28:31 Szlachta Privileges
29:01 Husbandry
30:39 Scale Barding Armor
31:10 Iron Casting
31:42 Wheelbarrow
31:05 Gold Mining
32:11 Cavalier
36:02 Winged Hussar
[SPW] MARECHALVONMUNDSTOCK
4:35 Loom
10:29 Feudal Age
16:38 Castle Age
14:56 Double-Bit Axe
16:33 Wheelbarrow
18:40 Bow Saw
24:44 Light Cavalry
26:04 Forging
26:14 Fortified Wall
31:43 Scale Barding Armor
37:46 Imperial Age
[SPW] IronCrab
5:53 Loom
10:36 Feudal Age
11:49 Double-Bit Axe
16:01 Castle Age
14:10 Stone Mining
17:35 Fletching
19:03 Wheelbarrow
21:27 Padded Archer Armor
22:40 Bow Saw
26:12 Masonry
26:15 Fortified Wall
26:06 Murder Holes
26:56 Scale Mail Armor
28:44 Horse Collar
29:54 Chain Mail Armor
30:35 Forging
32:01 Squires
32:39 Iron Casting
34:27 Heavy Plow
34:50 Town Watch
38:01 Imperial Age
36:04 Scale Barding Armor
37:53 Bloodlines
[SPW] dr4sch_
12:34 Feudal Age
16:51 Castle Age
15:49 Loom
16:37 Fletching
18:34 Bodkin Arrow
20:03 Double-Bit Axe
20:29 Pikeman
21:12 Scale Mail Armor
27:48 Bow Saw
30:39 Gold Mining
32:22 Padded Archer Armor
34:34 Forging
34:41 Stone Mining
37:22 Ballistics
38:03 Chain Mail Armor
38:23 Iron Casting
[SPW] Felino do Povão
12:58 Feudal Age
17:08 Castle Age
15:06 Double-Bit Axe
16:06 Gold Mining
22:56 Imperial Age
32:14 Ballistics
33:35 Fortified Wall
Connection lost

Rejoining the realm…

Still unreachable

The connection could not be restored.

Session expired

The server has moved on; the page needs a fresh start.